 Dungeon Crawl Stone Soup version 0.26-a0-712-ga5a9c9c9d0 (webtiles) character file.

Game seed: 18248418403114746077

105 kae the Insei (level 4, -3/28 HPs)
             Began as an Octopode Transmuter on Nov 5, 2020.
             Slain by an orc
             ... wielding a +1 falchion of electrocution
              (6 damage)
             ... on level 3 of the Dungeon.
             The game lasted 00:01:09 (2326 turns).

kae the Insei (Octopode Transmuter)                 Turns: 2326, Time: 00:01:10

Health: -3/28      AC:  1    Str: 10    XL:     4   Next: 81%
Magic:  7/7        EV: 13    Int: 15    God:
Gold:   73         SH:  0    Dex: 12    Spells: 3/7 levels left

rFire    . . .     SeeInvis .     - Unarmed
rCold    . . .     Faith    .   (no shield)
rNeg     . . .     Spirit   .   (helmet currently unavailable)
rPois    .         Reflect  .   (no amulet)
rElec    .         Harm     .   (no ring)
rCorr    .         Rampage  .   (no ring)
MR       .....                  (no ring)
Stlth    ++........             (no ring)
HPRegen  0.09/turn              (no ring)
MPRegen  0.10/turn              (no ring)
                                (no ring)
                                (no ring)

@: appendages (expiring), stab
A: almost no armour, stealthy swim, amphibious, 8 rings, constrict 8, tentacle
spike 3, camouflage 1, gelatinous body 1
a: End Transformation


You were on level 3 of the Dungeon.
One of your tentacles had a temporary spike.
You visited 1 branch of the dungeon, and saw 3 of its levels.

You collected 73 gold pieces.

Inventory:

Jewellery
 k - an uncursed ring of ice
Scrolls
 b - 2 scrolls of teleportation {unknown}
 c - a scroll of magic mapping {unknown}
 g - a scroll of enchant weapon {unknown}
 i - 4 scrolls of remove curse {unknown}
Potions
 d - a potion of invisibility {unknown}
 f - a potion of might {unknown}
 h - a potion of curing {unknown}
 j - a potion of brilliance {unknown}
 l - a potion of cancellation {unknown}


   Skills:
 + Level 1.5 Fighting
 + Level 2.5 Dodging
 * Level 3.8 Unarmed Combat
 + Level 2.4 Spellcasting
 * Level 3.1 Transmutations


You had 3 spell levels left.
You knew the following spells:

 Your Spells              Type           Power        Failure   Level
a - Beastly Appendage     Tmut           ##....       6%          1
b - Spider Form           Tmut/Pois      #.........   32%         3

Your spell library contained the following spells:

 Spells                   Type           Power        Failure   Level
 Wereblood                Tmut           ##......     9%          2
 Confusing Touch          Hex            #.......     54%         3
 Gell's Gravitas          Tloc           #.........   54%         3
 Ice Form                 Ice/Tmut       #.......     73%         4
 Petrify                  Tmut/Erth      #.......     73%         4
 Blade Hands              Tmut           ##........   85%         5
 Yara's Violent Unravell  Hex/Tmut       #.........   97%         5
 Metabolic Englaciation   Hex/Ice        #.........   99%         5


Dungeon Overview and Level Annotations

Branches:
Dungeon (3/15)

Altars:
Nemelex Xobeh
Okawaru


Innate Abilities, Weirdness & Mutations

You cannot wear most types of armour.
You are very stealthy in the water. (Stealth+)
You are amphibious.
You can wear up to eight rings at the same time.
You can use your tentacles to constrict eight enemies at once.
Your skin changes colour to match your surroundings (Stealth+).
Your rubbery body absorbs attacks. (AC +1, EV +1)
One of your tentacles bears a large vicious spike.


Message History

It was a potion of heal wounds.
You feel much better. The orc priest closely misses you.
The orc barely misses you. x2
You bludgeon the orc priest! Your grab misses the orc priest.
The orc priest is heavily wounded.
The orc priest hits you with a +0 whip. The orc barely misses you.
The orc hits you with a +1 falchion of electrocution.
You are electrocuted!
Ouch! That really hurt!
* * * LOW HITPOINT WARNING * * *
You tentacle-slap the orc priest. You grab the orc priest.
You pierce the orc priest.
The orc priest is almost dead.
You constrict the orc priest.
You kill the orc priest!
The orc hits you with a +0 short sword.
* * * LOW HITPOINT WARNING * * *
It was a potion of stabbing.
You feel ready to backstab.
The orc hits you with a +1 falchion of electrocution.
You die...

#............#
#####........#
#........+
#.....[..#
#........#
#.......(#
#........#
#........#
#o@..?...#
#)o......#
#........#
....$....#
..........#
............
##########...
...


You could see 2 orcs.

Vanquished Creatures
  An orc priest (D:3)
  2 adders
  An ooze (D:1)
  2 dart slugs (D:1)
  A leopard gecko (D:3)
  An orc (D:3)
  2 giant cockroaches (D:1)
  4 hobgoblins
  4 jackals
  7 kobolds
  A quokka (D:3)
  8 bats
  2 frilled lizards
  7 goblins
  2 rats
45 creatures vanquished.

Notes
Turn   | Place    | Note
-------+----------+-------------------------------------------
     0 | D:1      | kae the Octopode Transmuter began the quest for the Orb.
     0 | D:1      | Reached XP level 1. HP: 13/13 MP: 3/3
   220 | D:1      | Reached XP level 2. HP: 12/18 MP: 3/5
   625 | D:1      | Found a sparkling altar of Nemelex Xobeh.
   858 | D:1      | Reached XP level 3. HP: 23/23 MP: 4/6
  1647 | D:2      | Learned a level 3 spell: Spider Form
  1679 | D:2      | Found an iron altar of Okawaru.
  1990 | D:2      | Reached XP level 4. HP: 23/28 MP: 5/7
  2326 | D:3      | Slain by an orc

Illustrated notes

Levels and vault maps discovered:
D:1:      dpeg_arrival_simpleton_c, layout_loops_cross,
          nemelex_diamond_rough_becter
D:2:      layout_rooms, lemuel_crystal_altar
D:3:      layout_basic

Skill      XL: |  1  2  3  4 |
---------------+-------------+-----
Transmutations | 3 |  3.1
Fighting       | |  1.5
Dodging        | |  2.5
Unarmed Combat | |  3.8
Spellcasting   | |  2.4

Action                   |  1- 3 |  4- 6 || total
-------------------------+-------+-------++-------
Melee: Unarmed           |    87 |    15 ||   102
       Kick              |    13 |     2 ||    15
       Constrict         |    23 |     5 ||    28
       Tentacles         |    10 |     5 ||    15
       Punch             |     2 |       ||     2
 Cast: Beastly Appendage |    20 |     3 ||    23
  Use: Potion            |       |     2 ||     2
 Stab: Sleeping          |     3 |     1 ||     4
Armor: Skin              |    12 |     1 ||    13
Dodge: Dodged            |    75 |    15 ||    90

Table legend: (Time is in decaauts)
 A = Elapsed time spent in this place.
 B = Non-inter-level travel time spent in this place.
 C = Inter-level travel time spent in this place.
 D = Time resting spent in this place.
 E = Time spent auto-exploring this place.
 F = Levels seen in this place.
 G = Mean time per level.
                   A        B        C        D        E       F      G
               +--------+--------+--------+--------+--------+-----+--------+
         Total |   2318 |   2288 |     30 |    163 |   1828 |   3 |  772.7 |
       Dungeon |   2318 |   2288 |     30 |    163 |   1828 |   3 |  772.7 |
               +--------+--------+--------+--------+--------+-----+--------+

Top non-repeatable levels by time:
     D:1: 1418 daAuts
     D:2: 634 daAuts
     D:3: 264 daAuts
